[Event "LEM Niedersachsen-Meister 2025"]
[Site "Verden"]
[Date "2025.01.05"]
[Round "7.1"]
[White "Nechitaylo, Nikita"]
[Black "Polster, Christian"]
[Result "1/2-1/2"]
[ECO "B52"]
[WhiteElo "2239"]
[BlackElo "2252"]
[Annotator "TA"]
[PlyCount "55"]
[EventDate "2024.12.27"]
[EventType "swiss"]
[EventCountry "GER"]
[SourceTitle "playchess.com"]
[Source "ChessBase"]
[SourceQuality "1"]
[TimeControl "40/5400+30:1800+30"]

1. e4 c5 2. Nf3 d6 3. Bb5+ Bd7 4. c4 Nf6 5. Nc3 g6 6. O-O Bg7 7. Bxd7+ Qxd7 8. d4 cxd4 9. Qxd4 Nc6 10. Qd3 O-O 11. Bd2 Ng4 12. Rad1 Nge5 13. Nxe5 Nxe5 14. Qe2 Rac8 15. b3 Rfe8 16. Nd5 (16. f4 $16 Nc6 17. f5) 16... e6 $11 17. Ne3 Nc6 18. Qd3 Ne5 19. Qe2 Nc6 20. Bc1 Qe7 21. Ba3 Red8 22. Rd3 Rd7 (22... Bd4 $1 $11) 23. Rfd1 Rcd8 24. Qd2 (24. f4 $16) 24... Qg5 25. Nc2 (25. Bxd6 $2 {perishes.} Ne5 26. Nd5 Nf3+ (26... Qxd2 $2 27. R3xd2 exd5 28. Rxd5 $19) 27. Rxf3 Qxd2 28. Rxd2 Rxd6 $19 (28... exd5 29. Bb4 $15)) ({Don't play} 25. Rxd6 Nd4 26. Rxd7 Rxd7 $11 (26... Nf3+ 27. Kh1 $18)) 25... Qxd2 26. R3xd2 Bf8 {[%emt 0:00:16] [#]} 27. c5 d5 28. Ne3 {[%emt 0:06:37] Weighted Error Value: White=0.23 (precise) /Black=0.21 (precise) .  Mistake:       	White=3     	Black=1      Inaccurate:     	White=4     	Black=4      OK:         	White=4     	Black=6      Best:        	---       	Black=1} 1/2-1/2

[Event "LEM Niedersachsen-Meister 2025"]
[Site "Verden"]
[Date "2025.01.05"]
[Round "7.2"]
[White "von Mettenheim, Johannes"]
[Black "Hampel, Felix"]
[Result "1-0"]
[ECO "E97"]
[WhiteElo "2333"]
[BlackElo "2343"]
[Annotator "RC"]
[PlyCount "81"]
[EventDate "2024.12.27"]
[EventType "swiss"]
[EventCountry "GER"]
[SourceTitle "playchess.com"]
[Source "ChessBase"]
[SourceQuality "1"]
[TimeControl "40/5400+30:1800+30"]

1. d4 Nf6 2. c4 g6 3. Nc3 Bg7 4. e4 d6 5. Nf3 O-O 6. Be2 e5 7. O-O Nc6 8. d5 Ne7 9. Bg5 Ne8 10. Kh1 f5 11. exf5 gxf5 12. Qd2 Nf6 13. Nh4 Ng6 14. Nxg6 hxg6 15. f3 Qe8 16. a4 a5 17. c5 dxc5 18. Bc4 Qf7 19. Nb5 c6 20. Nd6 Qc7 21. Nxf5 cxd5 22. Bxd5+ Kh7 23. Nxg7 Qxg7 24. Bc4 Qd7 25. Qe2 Qf5 26. Be3 b6 27. Rad1 Be6 28. g4 Bxc4 29. Qxc4 Qc8 30. Rd6 Rb8 31. Bg5 Kg7 32. Rfd1 Rb7 33. Bxf6+ Rxf6 34. Rxf6 Kxf6 35. Rd6+ Kg7 36. Qe4 Rf7 37. Qxg6+ Kf8 38. Qg5 Re7 39. Rg6 Qd7 40. Rg8+ Kf7 41. Qg6# 1-0

[Event "LEM Niedersachsen-Meister 2025"]
[Site "Verden"]
[Date "2025.01.05"]
[Round "7.3"]
[White "Abel, Dennes"]
[Black "Lammers, Markus"]
[Result "0-1"]
[ECO "A06"]
[WhiteElo "2381"]
[BlackElo "2304"]
[Annotator "TA"]
[PlyCount "92"]
[EventDate "2024.12.27"]
[EventType "swiss"]
[EventCountry "GER"]
[SourceTitle "playchess.com"]
[Source "ChessBase"]
[SourceQuality "1"]
[TimeControl "40/5400+30:1800+30"]

1. Nf3 d5 2. e3 Nf6 3. b3 g6 4. Bb2 Bg7 5. c4 O-O 6. cxd5 Qxd5 7. Be2 c5 8. Nc3 Qd8 9. Na4 b6 10. d4 cxd4 11. Nxd4 Bb7 12. Bf3 Bxf3 13. Qxf3 (13. Nxf3 Qxd1+ 14. Rxd1 Rc8 15. Nc3) 13... Qd5 14. Rc1 Nbd7 (14... Qxf3 {simplifies} 15. Nxf3 Nbd7 16. Ke2 Rfc8) 15. Nc6 Rfe8 16. Qxd5 Nxd5 17. Bxg7 Kxg7 18. Ke2 Rec8 19. Rhd1 e6 20. e4 N5f6 21. f3 Kf8 22. Nb2 Rc7 23. Nd3 Ke8 24. b4 a6 25. a4 Ng8 26. Nde5 Ngf6 27. Nxd7 (27. Nxf7 $5 Rxc6 (27... Kxf7 28. Nd8+ Rxd8 29. Rxc7 $16) 28. Rxc6 Kxf7 29. Rdd6 $16) 27... Nxd7 28. b5 Rcc8 29. Ke3 Nc5 30. Rc4 f6 31. e5 axb5 32. axb5 Ra3+ 33. Kf2 $2 (33. Ke2 $11 {and White stays safe.} fxe5 34. Nxe5) 33... Nd3+ $19 34. Rxd3 Rxd3 35. exf6 {[%emt 0:00:10][%mdl 4096] Endgame KRR-KRN} Rd5 36. Rb4 Kf7 37. Kg3 Ra8 ({Don't play} 37... Kxf6 38. Rf4+ Rf5 39. Rb4 $19) 38. Rh4 h5 (38... Kxf6 39. Rxh7 Rg5+ (39... Rxb5 $2 40. h4 $19) 40. Kh3 Rxb5 41. Rh4 $19) 39. Re4 Rxb5 ({Weaker is} 39... Kxf6 40. Rf4+ Rf5 41. Rxf5+ exf5 42. Kh3) 40. Ne5+ Kxf6 41. f4 (41. Nd7+ $142 Kf7 42. Ne5+ Kg7 43. h4) 41... Ra2 42. Nf3 Rb3 {[%emt 0:02:36] Strongly threatening ...Rbb2.} 43. Rc4 Rbb2 44. Nh4 b5 45. Rc8 b4 46. Rf8+ Kg7 0-1

[Event "LEM Niedersachsen-Meister 2025"]
[Site "Verden"]
[Date "2025.01.05"]
[Round "7.4"]
[White "Riemay, David"]
[Black "Knuedel, Torben"]
[Result "1/2-1/2"]
[ECO "C58"]
[WhiteElo "2243"]
[BlackElo "2308"]
[Annotator "TA"]
[PlyCount "150"]
[EventDate "2024.12.27"]
[EventType "swiss"]
[EventCountry "GER"]
[SourceTitle "playchess.com"]
[Source "ChessBase"]
[SourceQuality "1"]
[TimeControl "40/5400+30:1800+30"]

1. e4 e5 2. Nf3 Nc6 3. Bc4 Nf6 4. Ng5 d5 5. exd5 Na5 6. Bb5+ c6 7. dxc6 bxc6 8. Bd3 Nd5 9. h4 (9. Nxh7 $2 Nf4 10. Be4 Rxh7 $19) 9... g6 10. Nc3 Bg7 {[%emt 0:15:39] White is slightly better.} 11. Nxd5 cxd5 12. Bb5+ $40 {[%emt 0:00:08][%mdl 128] White mounts an attack.} Bd7 {[%emt 0:00:10] [#]} 13. Qf3 $1 O-O 14. Qxd5 Bxb5 15. Qxb5 Rc8 16. c3 h6 17. Ne4 f5 18. b4 fxe4 ({Black should try} 18... Nc4 $14 19. Nc5 Qd5) 19. bxa5 $16 Kh7 20. Qe2 Qxa5 21. h5 {[%emt 0:01:25] hxg6+ would now be deadly.} (21. Qxe4 Rf4 22. Qe3 Rcc4 $17) 21... gxh5 22. Qxe4+ Kh8 23. Rxh5 Qb6 24. Qe2 (24. Rf5 Rxf5 25. Qxf5 Rf8 $15) 24... Qg6 {[%emt 0:01:02] [#]} 25. Kf1 ({White should play} 25. g3 $1) 25... Rf4 (25... Rc4 $16 26. d3 Rxc3) 26. d3 $18 Rg4 {[%emt 0:00:50] [#]} 27. Rh2 e4 28. dxe4 Rxe4 29. Be3 Rxc3 30. Rd1 Re6 31. Qh5 ({Better is} 31. Kg1 $18) 31... Ra3 32. Qd5 Qe4 {[%emt 0:02:35] Prevents Bd4} 33. Qxe4 Rxe4 34. Rd8+ Kh7 35. Rd7 Re6 (35... Kg8 $16 36. Bxh6 (36. Rxa7 Rexe3 37. Rxg7+ Kxg7 $14) 36... Bf6) 36. Bd4 ({Less strong is} 36. Rxa7 Rexe3 37. Rxg7+ Kxg7 $14) 36... Rg6 37. Rxa7 $2 (37. Rh4 $18) 37... Rxa7 $16 38. Bxa7 $18 {[%emt 0:00:03][%mdl 4096] Endgame. KRB-KRB} Ra6 39. Be3 Ra5 {[%emt 0:02:47] [#]} 40. a3 $1 Rxa3 41. Rh4 (41. g4 $142) 41... Ra6 42. Ke2 Ra5 43. Kf3 h5 44. Rc4 Kg6 45. Rc6+ Kf5 46. Rc7 Kg6 47. Ke4 Ra4+ 48. Kf3 Ra5 $1 49. g3 Rb5 50. Kg2 Ra5 51. Kh3 {[%emt 0:00:00] White is more active.} Rb5 52. Rc6+ Kf7 53. Bf4 Bf6 54. Be3 Bg7 $1 55. f4 Bf6 56. Ra6 Rb3 57. Bf2 Rb5 58. Rc6 Rd5 59. Be1 Rd3 60. Rc5 Re3 61. Bf2 Re2 62. Rc7+ Kg6 63. Bg1 Rd2 64. Rc6 Kf7 65. Ra6 Rd3 66. Bf2 Rd2 67. Bc5 Rd3 68. Kg2 h4 69. g4 Rg3+ {[%emt 0:00:36] The position is equal.} 70. Kh2 Rxg4 71. f5 Rf4 72. Ra7+ Ke8 73. Ra8+ Kd7 74. Ra7+ Kc8 75. Ra8+ Kd7 {[%emt 0:00:21] Blacks defense is rewarded with a draw.   Weighted Error Value: White=0.16 (very precise) /Black=0.18 (very precise) .  Loses game:     	---       	Black=1      Missed win:     	White=1     	---        Mistake:       	White=3     	Black=2      Inaccurate:     	White=3     	Black=4      OK:         	White=27    	Black=28     Best:        	White=2     	Black=2      Strong:       	White=1     	Black=2} 1/2-1/2

[Event "LEM Niedersachsen-Meister 2025"]
[Site "Verden"]
[Date "2025.01.05"]
[Round "7.5"]
[White "Lichtmannecker, Daniel"]
[Black "Voege, Tobias"]
[Result "0-1"]
[ECO "C01"]
[WhiteElo "2171"]
[BlackElo "2292"]
[Annotator "TA"]
[PlyCount "68"]
[EventDate "2024.12.27"]
[EventType "swiss"]
[EventCountry "GER"]
[SourceTitle "playchess.com"]
[Source "ChessBase"]
[SourceQuality "1"]
[TimeControl "40/5400+30:1800+30"]

1. e4 e6 2. d4 d5 3. exd5 exd5 4. Bd3 Nc6 5. c3 Bd6 6. Qf3 Nf6 7. Bg5 Bg4 8. Qxg4 (8. Bxf6 $2 Bxf3 9. Bxd8 Bxg2 $19) 8... Nxg4 9. Bxd8 Nxd8 10. Nf3 Ne6 11. O-O O-O 12. Re1 Rfe8 13. Nbd2 g6 14. g3 f5 15. Rad1 Kg7 16. Kg2 h6 17. Ne5 Bxe5 18. dxe5 Nc5 $1 {[%emt 0:00:15][%csl LRd3,LRe5] Excellent horsemanship.} 19. Nf3 {[%emt 0:09:38] and Bc2 should not be overlooked} Ne4 (19... Nd7 $1 $11) 20. h3 $2 (20. Bc2 $14 {was the only good move.} c6 21. Re2) 20... Ngxf2 $19 (20... Nxe5 21. Nxe5 Rxe5 22. f3 $16) 21. Bxe4 Nxd1 (21... Nxe4 22. Rxd5 Re7 23. a4 $11) 22. Bxd5 Nxb2 23. Bxb7 Rad8 24. Rb1 Nc4 25. Rb5 Ne3+ 26. Kg1 Rd1+ 27. Kh2 Rc1 28. Rc5 Rc2+ 29. Kh1 Re7 ({Don't take} 29... Rxa2 30. Rxc7+ Kf8 31. Nh4 $19) 30. Nd4 Rxa2 31. Nc6 Rd7 32. Nd4 Nc2 33. Bc8 {[%emt 0:01:10] [#]} (33. e6 $142 Re7 34. Bc8) 33... Nxd4 $1 34. Bxd7 (34. cxd4 Rxd4) 34... Nf3 0-1

[Event "LEM Niedersachsen-Meister 2025"]
[Site "Verden"]
[Date "2025.01.05"]
[Round "7.6"]
[White "Bargsten, Justus"]
[Black "Giorgadze, Giorgi Gel"]
[Result "1/2-1/2"]
[ECO "C10"]
[WhiteElo "2228"]
[BlackElo "2569"]
[Annotator "TA"]
[PlyCount "52"]
[EventDate "2024.12.27"]
[EventType "swiss"]
[EventCountry "GER"]
[SourceTitle "playchess.com"]
[Source "ChessBase"]
[SourceQuality "1"]
[TimeControl "40/5400+30:1800+30"]

1. e4 e6 2. d4 d5 3. Nc3 dxe4 4. Nxe4 Nd7 5. Nf3 Ngf6 6. Nxf6+ Nxf6 7. g3 b6 8. Bb5+ Bd7 9. a4 a6 10. Be2 Bc6 11. O-O Bd6 12. Ne5 Bxe5 13. dxe5 Nd7 14. f4 Qe7 15. Be3 {[%emt 0:04:08] Against Qc5. Active counter play!} Rd8 (15... a5 $11) 16. Qe1 {[%emt 0:02:29][%cal Oe1c3] and Qc3! should not be overlooked} ({Much worse is} 16. Bxa6 Nc5 17. Bd3 Nxd3 18. cxd3 Qd7 $15) 16... a5 17. Ra3 O-O 18. Bf2 Nb8 19. g4 Qb4 20. Qxb4 axb4 21. Raa1 Be4 22. Be1 Nc6 23. c3 {[%emt 0:01:34] Dodges Nd4} b3 24. Kf2 Bd3 25. Ra3 Na5 26. c4 Bxc4 1/2-1/2

[Event "LEM Niedersachsen-Meister 2025"]
[Site "Verden"]
[Date "2025.01.05"]
[Round "7.7"]
[White "Pubantz, Jan"]
[Black "Mueer, Sebastian"]
[Result "1-0"]
[ECO "D30"]
[WhiteElo "2339"]
[BlackElo "2175"]
[Annotator "TA"]
[PlyCount "63"]
[EventDate "2024.12.27"]
[EventType "swiss"]
[EventCountry "GER"]
[SourceTitle "playchess.com"]
[Source "ChessBase"]
[SourceQuality "1"]
[TimeControl "40/5400+30:1800+30"]

1. d4 Nf6 2. Nf3 d5 3. g3 e6 4. Bg2 c5 5. c4 cxd4 6. O-O Bc5 7. Nxd4 Nc6 8. Nb3 Bb6 9. cxd5 exd5 10. Nc3 d4 $1 11. Na4 O-O 12. Nxb6 axb6 13. Bxc6 bxc6 14. Qxd4 Bg4 15. f3 Be6 {[%emt 0:04:37] and ...Bxb3 would now be decisive} 16. Bg5 Bxb3 17. Qxd8 Rfxd8 (17... Raxd8 $142 18. axb3 Rd5) 18. axb3 $16 h6 (18... Rac8 $16 19. Rfd1 Rd5 20. Rxd5 Nxd5) 19. Bxf6 $18 gxf6 20. Kf2 Rxa1 21. Rxa1 $16 {[%emt 0:00:01][%mdl 4096] Endgame KR-KR. White is a pawn up.} Rd2 22. Rb1 c5 (22... h5 $16 23. Ke1 Rd5) 23. Ke1 $18 Rd4 24. Rc1 Rb4 25. Rc3 f5 26. Kd2 Kg7 {[%emt 0:00:39] [#]} 27. Kc2 $1 Rd4 {[%emt 0:04:43] [#]} 28. Rd3 $1 {[%emt 0:01:00] and Rxd4 should not be overlooked} Rb4 29. Kc3 h5 30. e3 h4 (30... Rb5 {was necessary.} 31. Rd5 Kg6 32. Rd6+ f6) 31. Rd1 h3 32. Ra1 1-0

[Event "LEM Niedersachsen-Meister 2025"]
[Site "Verden"]
[Date "2025.01.05"]
[Round "7.8"]
[White "Stelmaszyk, Nico"]
[Black "Meiwes, Thore"]
[Result "1/2-1/2"]
[ECO "B51"]
[WhiteElo "2403"]
[BlackElo "2120"]
[Annotator "TA"]
[PlyCount "94"]
[EventDate "2024.12.27"]
[EventType "swiss"]
[EventCountry "GER"]
[SourceTitle "playchess.com"]
[Source "ChessBase"]
[SourceQuality "1"]
[TimeControl "40/5400+30:1800+30"]

1. e4 c5 2. Nf3 Nc6 3. Bb5 d6 4. O-O Bd7 5. Re1 Nf6 6. c3 a6 7. Bc4 e6 8. d4 b5 9. Bf1 cxd4 10. cxd4 d5 11. e5 Ne4 12. Nbd2 Nxd2 13. Bxd2 Qb6 14. Be3 Bb4 15. Re2 h6 16. Rc2 Be7 17. h4 (17. Ne1 $16) 17... a5 18. h5 a4 19. Ne1 a3 {[%emt 0:03:58] [#]} (19... O-O $14) 20. b3 ({White should try} 20. Qg4 $1 $16 axb2 21. Rxb2) 20... Nb4 21. Rd2 (21. Qg4 $5 Nxc2 22. Qxg7 $17 (22. Nxc2 Kf8 $15)) 21... Rg8 ({Black should play} 21... O-O $14) 22. Rc1 $36 {[%emt 0:05:32][%mdl 2048] White is in control.} Bc6 (22... Rc8 $16 23. Rxc8+ Bxc8) 23. Qf3 Bb7 24. Nd3 Nxd3 (24... Rc8 25. Nc5 Bc6) 25. Bxd3 $18 (25. Rxd3 b4 26. Rdd1 Ba6) 25... Rc8 26. Rdc2 Rxc2 27. Rxc2 Bc6 $2 (27... b4 {was called for.} 28. Qe2 Kf8) 28. Qg4 Kf8 29. f4 Bd7 30. f5 Rh8 31. Qf3 (31. Rf2 $142 {and f6 would now be decisive} f6 32. b4) 31... Bg5 32. Bxg5 hxg5 33. Rc5 Qa5 34. Qe2 {[%emt 0:09:36] Wards off Qe1+. White is more active.} (34. fxe6 $16 Bxe6 35. b4 (35. Bxb5 Qd2 $11) (35. Rxb5 Qe1+ 36. Bf1 g4 $16) 35... Qxb4 36. Qe3) 34... Qb4 $2 (34... g4 $1 $14) 35. Qf2 $2 (35. Bxb5 Qxd4+ 36. Qf2 Qd1+ (36... Qxe5 37. Bxd7 Qa1+ 38. Qf1 $11) 37. Bf1 exf5 $17 (37... Qxh5 38. Qg3 $19)) ({White has to play} 35. Qe3 $18 exf5 36. Rxd5 (36. Qxg5 $2 Qxd4+ 37. Kf1 Qxc5 $19)) 35... Rxh5 $11 36. fxe6 (36. Rc7 $5 Ke8 $8 37. fxe6 Bxe6 38. g3 $17) 36... Bxe6 37. g3 {[%emt 0:02:26][%cal Od3g6] Dodges Rh4} ({Don't play} 37. Bxb5 Rh4 38. Bd3 Rf4 $19 (38... Rxd4 $2 39. Rb5 $18) (38... Qxd4 $2 39. Qxd4 Rxd4 40. Rc3 $19)) 37... g4 38. Qe3 (38. Rxb5 $2 Qc3 39. Rb8+ Ke7 $19) (38. Kg2 $5) 38... g6 $1 39. Bxb5 (39. Rxb5 $2 {too greedy.} Qc3 40. Rc5 Qa1+ 41. Rc1 Qxa2 $19) 39... Bf5 40. Qc3 (40. Rxd5 $11 Kg7 41. Bf1) 40... Qxc3 $15 41. Rxc3 {[%emt 0:30:05][%mdl 4096] Endgame KRB-KRB} Be4 $1 42. Rc8+ Kg7 43. Rc7 Rh1+ 44. Kf2 Kf8 45. Rc8+ Kg7 {[%emt 0:00:00] Strongly threatening ...Rh2+.} 46. Rc7 $1 Kf8 (46... Bf5 $17 47. Be8 Kf8) 47. Rc8+ $11 Kg7 1/2-1/2

[Event "LEM Niedersachsen-Meister 2025"]
[Site "Verden"]
[Date "2025.01.05"]
[Round "7.9"]
[White "Peters, Tom"]
[Black "Plischki, Sebastian"]
[Result "1/2-1/2"]
[ECO "B67"]
[WhiteElo "2166"]
[BlackElo "2323"]
[Annotator "TA"]
[PlyCount "71"]
[EventDate "2024.12.27"]
[EventType "swiss"]
[EventCountry "GER"]
[SourceTitle "playchess.com"]
[Source "ChessBase"]
[SourceQuality "1"]
[TimeControl "40/5400+30:1800+30"]

1. e4 c5 2. Nf3 d6 3. d4 cxd4 4. Nxd4 Nf6 5. Nc3 Bd7 6. Bg5 e6 7. Qd2 a6 8. f4 h6 9. Bxf6 Qxf6 10. O-O-O Nc6 11. Nf3 Qd8 12. Kb1 Qc7 13. g4 O-O-O 14. Bd3 Kb8 15. h4 Bc8 16. Ne2 Be7 17. Rdg1 b5 18. g5 Bb7 19. Nfd4 Nxd4 20. Nxd4 hxg5 21. hxg5 g6 22. Nb3 Qb6 23. Rf1 Rc8 24. Rh6 d5 25. e5 Rxh6 26. gxh6 Rh8 27. Rh1 Rh7 28. Qg2 {[%emt 0:00:50][%cal Od3g6] Strongly threatening Bxg6!.} d4 29. Be4 $36 {[%emt 0:00:05][%mdl 2048] White has good play.} Bf8 $2 {[%emt 0:04:25] [#]} (29... Bxe4 $11 {and Black has nothing to worry.} 30. Qxe4 Qb7) 30. Nxd4 $2 Rxh6 {[%emt 0:00:16] and ...Bxe4 would now be decisive} 31. Rd1 Bxe4 (31... Rh8 $11) 32. Qxe4 $16 Bc5 $2 (32... Qb7 33. Nc6+ Kc7) 33. Nc6+ $18 Kc7 34. Nd8 Rh7 35. b4 Be7 36. Qd3 $2 {[%emt 0:09:31] Inhibits Rh3.} (36. Qa8 $18 {has better winning chances.}) 1/2-1/2

[Event "LEM Niedersachsen-Meister 2025"]
[Site "Verden"]
[Date "2025.01.05"]
[Round "7.10"]
[White "Sreyas Payyappat"]
[Black "Hoeffer, David"]
[Result "0-1"]
[ECO "C54"]
[WhiteElo "2115"]
[BlackElo "2322"]
[Annotator "TA"]
[PlyCount "82"]
[EventDate "2024.12.27"]
[EventType "swiss"]
[EventCountry "GER"]
[SourceTitle "playchess.com"]
[Source "ChessBase"]
[SourceQuality "1"]
[TimeControl "40/5400+30:1800+30"]

1. e4 e5 2. Nf3 Nc6 3. Bc4 Bc5 4. c3 Nf6 5. d4 exd4 6. e5 d5 7. Bb5 Ne4 8. cxd4 Bb6 9. Nc3 Bg4 10. Be3 O-O 11. h3 Bh5 12. Qc2 f5 (12... Nb4 $11 {keeps the balance.} 13. Qb3 Nxc3 14. bxc3 Nc6) 13. exf6 (13. Bxc6 $16 bxc6 14. Ne2) 13... Nxf6 $11 14. Bxc6 Bxf3 15. Bxb7 Bxg2 16. Rg1 Rb8 (16... Bxh3 17. Bxa8 Qxa8 18. O-O-O $11) 17. Rxg2 Rxb7 18. O-O-O Qd7 19. Rdg1 Rf7 20. h4 c6 21. Rg5 Qh3 22. a3 ({White should play} 22. Kb1 $15) 22... Bd8 23. Qa4 Qe6 (23... Qxh4 $6 24. Qxc6 h6 25. Rg6 $11) 24. h5 Nd7 25. R5g3 Nb6 26. Qc2 Nc4 $36 {[%emt 0:00:05][%mdl 2048] Black is really pushing.} 27. Na4 {[%emt 0:00:07] and Nc5 should not be overlooked} Be7 {[%emt 0:02:35] Black is more active.} 28. h6 Bd6 {[%emt 0:00:24] The board is on fire.} 29. Rg5 $2 (29. Nc5 $17 Bxc5 30. hxg7 Rxg7 (30... Rxb2 31. Qxh7+ Kxh7 32. g8=Q#) 31. dxc5) 29... Nxe3 30. fxe3 Qxh6 {[%emt 0:00:10] and ...Bh2 would now be decisive} ({Resist} 30... Qxe3+ 31. Kb1) 31. Kb1 Bxa3 32. e4 Be7 33. Re5 dxe4 34. Qxe4 Qf4 35. Qxc6 Qxd4 36. Rge1 Bf8 37. Rd5 Qb4 38. Re8 $2 (38. Rde5 $19) 38... Rf1+ 39. Kc2 Qb3+ 40. Kd2 Rd1+ 41. Ke2 Qxd5 (41... Rxd5 $142 42. Qe6+ Rf7 43. Qxd5 Qxd5 44. Nc3 Qg2+ 45. Kd3 Rd7+ (45... Qxb2 46. Rxf8+ Rxf8 47. Ne4 Rf3+ 48. Kc4 Qe5 49. Kb4 Qxe4+ 50. Kc5 Rc3+ 51. Kd6 Kf7 52. Kd7 Qe7#) 46. Kc4 Qf1+ (46... Qxb2 {gets mated.} 47. Nd5 Qa2+ 48. Kd4 Qd2+ 49. Ke4 Rxd5 50. Kf3 Rd3+ 51. Kg4 Qg2+ 52. Kf5 Qf3+ 53. Ke5 Rd5+ 54. Ke6 Qf7#) 47. Kb3 Qf7+ 48. Kc2 Qxe8 49. Kc1 Qe1+ 50. Kc2 Rd2+ 51. Kb3 Qe6+ 52. Nd5 Qxd5+ 53. Ka4 Qc4+ 54. Ka5 Rd5#) 0-1

[Event "LEM Niedersachsen-Meister 2025"]
[Site "Verden"]
[Date "2025.01.05"]
[Round "7.11"]
[White "Bruns, Kai-Christian"]
[Black "Garbuszus, Juergen"]
[Result "0-1"]
[ECO "A80"]
[WhiteElo "2157"]
[BlackElo "2068"]
[Annotator "TA"]
[PlyCount "90"]
[EventDate "2024.12.27"]
[EventType "swiss"]
[EventCountry "GER"]
[SourceTitle "playchess.com"]
[Source "ChessBase"]
[SourceQuality "1"]
[TimeControl "40/5400+30:1800+30"]

1. d4 f5 2. Nc3 Nf6 3. Bg5 d5 4. e3 e6 5. Nf3 Be7 6. Bd3 Nbd7 7. O-O O-O 8. Ne2 Ne4 9. Bxe7 Qxe7 10. c4 c6 11. Qc2 g5 12. Nd2 Ndf6 13. f3 {[%emt 0:02:38] White is slightly better.} Nxd2 14. Qxd2 Bd7 {[%emt 0:01:33] [#]} 15. e4 $1 Nh5 (15... f4 16. e5) 16. Rae1 Qg7 17. e5 Qe7 18. g4 Ng7 19. c5 Be8 20. b4 b6 21. a4 a5 22. Ra1 (22. Rb1 {keeps more tension.} axb4 23. cxb6 c5 24. gxf5 exf5 25. dxc5 Qxc5+ 26. Kh1) 22... axb4 23. Qxb4 (23. cxb6 {with more complications.} c5 24. dxc5 Qxc5+ 25. Kh1) 23... fxg4 (23... Bg6 $1 $11) 24. fxg4 $16 Rxf1+ 25. Rxf1 bxc5 26. dxc5 (26. Qb1 {feels hotter.} Bg6 27. Bxg6 hxg6 28. Qxg6 cxd4 29. Ng3) 26... Qc7 27. Qd4 (27. Qb1 {seems wilder.} Bg6 28. Bxg6 hxg6 29. Qxg6 Qa5 30. Qxg5 Qxc5+ 31. Rf2) 27... Ra5 ({Black should play} 27... Qa5 $14) 28. Rc1 ({Don't play} 28. Rf6 $6 Qe7 $11) (28. Ra1 $16) 28... Qa7 29. Bc2 ({White should try} 29. Ra1 $1 $14) 29... Bg6 $11 {[%emt 0:00:26] [#] Hoping for ...Bxc2.} 30. Bd1 Be4 31. Qf2 Qe7 32. Rc3 Ra8 33. Nd4 Rf8 {[%emt 0:00:46] Prevents Qf6.} 34. Qe3 ({Not} 34. Nxc6 $2 Qd7 $19) 34... h6 ({Of course not} 34... Qf7 35. Be2 $14 (35. Nxc6 $2 Qf1#)) 35. Qg3 (35. Be2 $11) 35... Qc7 36. Rb3 Qe7 37. Rc3 $1 Qc7 $40 {[%emt 0:00:14][%mdl 128] Black mounts an attack.} ({Better is} 37... Qf7 $15 38. Be2 Qa7) 38. h3 Rf4 {[%emt 0:00:09][%cal Oc7b8] ...Qb8! is the strong threat.} 39. Qe3 $2 {[%emt 0:02:43] This costs White the game.} (39. Ne2 $1 $15 Rf7 40. Rb3) 39... Qxe5 $19 {[%emt 0:00:24] White must now prevent ...Qf6.} 40. Nxc6 $2 (40. Rc2) 40... Qf6 {[%emt 0:00:24] Black is clearly winning.} 41. Qe1 {[%emt 0:05:49] Repels Rf1+} d4 42. Nxd4 Qxd4+ 43. Re3 Qxc5 {[%emt 0:01:52] And now ...Qd4 would win.} 44. Kh2 Qd6 45. Kg1 {[%emt 0:00:21] Dodges Rf2} Qd4 {[%emt 0:00:13] Weighted Error Value: White=0.82/Black=0.28 (precise) .  Mistake:       	White=5     	Black=3      Inaccurate:     	White=11    	Black=6      OK:         	White=4     	Black=13     Best:        	---       	Black=4      Strong:       	White=1     	---} 0-1

[Event "LEM Niedersachsen-Meister 2025"]
[Site "Verden"]
[Date "2025.01.05"]
[Round "7.12"]
[White "Gaertner, Alessandro"]
[Black "Drygala, Lars"]
[Result "1-0"]
[ECO "E18"]
[WhiteElo "1970"]
[BlackElo "2067"]
[Annotator "NA RC"]
[PlyCount "107"]
[EventDate "2024.12.27"]
[EventType "swiss"]
[EventCountry "GER"]
[SourceTitle "playchess.com"]
[Source "ChessBase"]
[SourceQuality "1"]
[TimeControl "40/5400+30:1800+30"]

1. d4 e6 2. Nf3 Nf6 3. g3 b6 4. Bg2 Bb7 5. O-O Be7 6. c4 O-O 7. Nc3 Ne4 8. Bd2 d5 9. cxd5 Nxc3 10. Bxc3 Bxd5 11. Re1 Be4 12. Ne5 Bxg2 13. Kxg2 Qc8 $14 14. e4 Qb7 15. Kg1 b5 16. b3 Nc6 17. Nd3 Rfd8 18. d5 exd5 19. exd5 Rxd5 20. Qg4 Bf8 21. Nf4 Rd6 22. Rad1 Rad8 23. Rxd6 Rxd6 24. Re8 Nd4 25. Bxd4 Rxd4 26. Ne6 Rd1+ 27. Qxd1 fxe6 28. Qd7 Qf3 29. Qxe6+ Kh8 30. h4 c5 31. Qd6 Kg8 32. Qxc5 a6 33. a4 bxa4 34. bxa4 h6 35. Qc4+ Kh7 36. Qe4+ Qxe4 37. Rxe4 a5 38. Re5 Bb4 39. h5 Kg8 40. Kg2 Kf7 41. Kf3 Kf6 42. Rb5 Bc3 43. Ke4 Be1 44. g4 Bd2 45. f4 Ke6 46. Rb6+ Ke7 47. Ra6 Bc3 48. Kf5 Bd2 49. Kg6 Bc3 50. g5 hxg5 51. fxg5 Kd7 52. h6 gxh6 53. gxh6 Kc7 54. h7 1-0

[Event "LEM Niedersachsen-Meister 2025"]
[Site "Verden"]
[Date "2025.01.05"]
[Round "7.13"]
[White "Kieselbach, Jannik"]
[Black "ter Stal, Lars"]
[Result "1/2-1/2"]
[ECO "C88"]
[WhiteElo "1979"]
[BlackElo "1815"]
[Annotator "NA RC"]
[PlyCount "34"]
[EventDate "2024.12.27"]
[EventType "swiss"]
[EventCountry "GER"]
[SourceTitle "playchess.com"]
[Source "ChessBase"]
[SourceQuality "1"]
[TimeControl "40/5400+30:1800+30"]

1. e4 e5 2. Nf3 Nc6 3. Bb5 a6 4. Ba4 Nf6 5. O-O b5 6. Bb3 Be7 7. Re1 O-O 8. a4 Rb8 9. axb5 axb5 10. c3 d6 11. h3 b4 12. d4 bxc3 13. bxc3 exd4 14. cxd4 d5 15. e5 Ne4 16. Bc2 Bf5 17. Be3 Nb4 1/2-1/2